AoeStats
← Bert > Ernie

Arena

508956038Analyzed
1v1 RM · 8d ago on Sep 24, 2026· 43m 44s· 2 players
Game mode
Random Map
Map size
Tiny (2 player)
Population
200
Speed
Normal
Resources
Standard
Victory
Conquest
Starting age
Dark Age
Ending age
Imperial Age
RankedLock teamsTeams togetherTeam positionsShared explorationLock speedFull tech treeHidden civsTurbo modeCheats
Victory
Defeat
🇨🇦 Saxons · Canada
999
+16
🇨🇿 Persians · Czechia
993
-16
Dandisss
5:13 Loom
10:34 Feudal Age
14:35 Castle Age
14:39 Double-Bit Axe
16:23 Scale Barding Armor
17:03 Forging
19:33 Wheelbarrow
19:31 Town Watch
23:28 Chain Barding Armor
23:17 Stone Mining
24:11 Gold Mining
25:38 Stone Shaft Mining
26:36 Bloodlines
30:33 Imperial Age
29:01 Bow Saw
28:53 Horse Collar
31:20 Heavy Cavalry Archer
32:07 Thumb Ring
32:55 Fletching
33:06 Padded Archer Armor
34:05 Parthian Tactics
33:38 Bodkin Arrow
34:33 Gold Shaft Mining
35:03 Conscription
35:04 Bloodlines
34:55 Husbandry
35:34 Cavalier
36:57 Crossbowman
38:23 Kamandaran
40:28 Ballistics
41:09 Chemistry
40:05 Murder Holes
40:21 Masonry
40:51 Leather Archer Armor
43:40 Plate Barding Armor
43:41 Iron Casting
Bert > Ernie
10:31 Feudal Age
15:09 Castle Age
13:01 Double-Bit Axe
13:15 Horse Collar
19:33 Pikeman
20:44 Loom
23:15 Heavy Plow
23:53 Wheelbarrow
24:01 Sanctity
24:40 Light Cavalry
27:01 Bow Saw
28:08 Hand Cart
30:44 Imperial Age
28:42 Scale Mail Armor
28:54 Forging
28:50 Gold Mining
30:40 Chain Mail Armor
31:01 Iron Casting
30:15 Gambesons
30:38 Squires
30:32 Fletching
31:08 Masonry
31:09 Halberdier
32:22 Ballistics
32:34 Architecture
33:11 Plate Mail Armor
33:15 Bloodlines
32:25 Hussar
34:04 Gold Shaft Mining
33:31 Shield Wall
34:44 Bodkin Arrow
34:55 Scale Barding Armor
35:05 Arson
35:32 Siege Engineers
36:49 Guard Tower
37:59 Chemistry
36:45 Arrowslits
37:05 Bracer
37:25 Chain Barding Armor
37:20 Town Watch
38:37 Two-Man Saw
37:15 Elite Varangian Guard
39:43 Keep
39:56 Elite Skirmisher
40:42 Thumb Ring
41:57 Fortified Wall
41:56 Padded Archer Armor
42:49 Hoardings
42:52 Leather Archer Armor
42:54 Town Patrol
43:27 Hussar
Connection lost

Rejoining the realm…

Still unreachable

The connection could not be restored.

Session expired

The server has moved on; the page needs a fresh start.